AoeStats
← meditator27

Fortress

508854986Analyzed
4v4 RM · 6d ago on Sep 24, 2026· 48m 45s· 8 players
Game mode
Random Map
Map size
Huge
Population
200
Speed
Normal
Resources
Standard
Victory
Conquest
Starting age
Dark Age
Ending age
Imperial Age
RankedLock teamsTeams togetherTeam positionsShared explorationLock speedFull tech treeHidden civsTurbo modeCheats
Victory
Defeat
🇻🇳 Georgians · Vietnam
1305
+14
🇨🇳 Magyars · China
1297
+14
🇨🇳 Varangians · China
1293
+14
🇨🇳 Danes · China
1291
+14
🇩🇴 Mongols · Dominican Republic
1318
-16
🇦🇷 Vikings · Argentina
1245
-14
🇹🇼 Bengalis · Taiwan
1230
-13
🇻🇳 Magyars · Vietnam
1230
-13
打咩哟~
7:07 Feudal Age
10:57 Castle Age
9:24 Double-Bit Axe
9:54 Horse Collar
11:15 Wheelbarrow
10:58 Loom
13:05 Bow Saw
18:43 Heavy Plow
19:48 Town Watch
20:32 Gold Mining
21:58 Hand Cart
22:55 Stone Mining
24:36 Stone Shaft Mining
28:04 Imperial Age
26:07 Scale Barding Armor
26:47 Forging
27:29 Chain Barding Armor
28:09 Ballistics
28:28 Husbandry
29:01 Bloodlines
29:23 Conscription
28:53 Treadmill Crane
29:10 Gothikon
31:05 Chemistry
31:14 Plate Barding Armor
31:34 Elite Jarl
33:25 Iron Casting
35:11 Capped Ram
37:00 Blast Furnace
37:01 Cavalier
38:16 Fletching
38:55 Light Cavalry
39:21 Siege Ram
44:33 Siege Engineers
44:40 Masonry
46:36 Hussar
买麻衣也用劵
7:24 Feudal Age
11:12 Castle Age
9:25 Double-Bit Axe
9:25 Horse Collar
11:41 Wheelbarrow
12:50 Bow Saw
19:59 Hand Cart
21:45 Gold Mining
23:01 Gold Shaft Mining
26:32 Imperial Age
24:23 Thumb Ring
24:14 Fletching
24:24 Padded Archer Armor
24:30 Stone Mining
26:23 Bloodlines
26:19 Husbandry
26:31 Thumb Ring
26:44 Bodkin Arrow
27:05 Leather Archer Armor
26:48 Heavy Cavalry Archer
27:54 Parthian Tactics
28:50 Two-Man Saw
28:07 Heavy Plow
30:07 Chemistry
29:41 Bracer
30:12 Ring Archer Armor
30:13 Recurve Bow
30:40 Ballistics
29:58 Light Cavalry
31:13 Scale Barding Armor
31:53 Elite Magyar Huszar
32:34 Corvinian Army
32:55 Conscription
31:57 Hussar
33:00 Chain Barding Armor
36:09 Plate Barding Armor
42:36 Crop Rotation
icu monster
8:03 Feudal Age
9:07 Horse Collar
9:13 Double-Bit Axe
12:05 Castle Age
10:41 Scale Mail Armor
10:45 Gold Mining
12:04 Arson
20:43 Wheelbarrow
21:23 Fletching
22:23 Gold Shaft Mining
23:01 Hand Cart
22:59 Bow Saw
27:40 Imperial Age
25:51 Padded Archer Armor
26:13 Heavy Plow
26:41 Bodkin Arrow
26:55 Loom
26:55 Town Watch
26:55 Loom
27:49 Thumb Ring
28:01 Leather Archer Armor
28:54 Cranequins
30:17 Ballistics
30:30 Heavy Mounted Crossbowman
32:28 Chemistry
32:53 Bracer
34:29 Ring Archer Armor
34:45 Conscription
35:27 Capped Ram
36:41 Bloodlines
36:31 Husbandry
37:30 Siege Ram
42:40 Scale Barding Armor
42:00 Light Cavalry
43:34 Forging
45:12 Chain Barding Armor
47:17 Plate Barding Armor
46:53 Caravan
Spartacus
7:48 Feudal Age
12:13 Castle Age
10:59 Double-Bit Axe
10:55 Horse Collar
13:53 Bow Saw
14:01 Heavy Plow
18:31 Loom
19:33 Wheelbarrow
18:44 Loom
22:03 Hand Cart
26:31 Imperial Age
25:47 Fortified Wall
25:58 Ballistics
25:19 Treadmill Crane
26:06 Ballistics
26:22 Guard Tower
28:49 Conscription
27:58 Pikeman
28:39 Squires
28:24 Arson
28:59 Gold Mining
28:59 Stone Mining
29:42 Crop Rotation
29:15 Fletching
29:33 Svan Towers
30:42 Keep
31:08 Chemistry
30:07 Bodkin Arrow
30:41 Forging
30:32 Scale Mail Armor
30:06 Halberdier
31:12 Bracer
31:00 Arrowslits
32:47 Chain Mail Armor
32:40 Scale Barding Armor
33:11 Iron Casting
34:00 Chain Barding Armor
34:44 Coinage
35:18 Plate Barding Armor
35:30 Town Watch
37:33 Blast Furnace
37:34 Elite Monaspa
41:01 Masonry
40:47 Murder Holes
44:56 Bloodlines
44:47 Husbandry
45:32 Light Cavalry
46:38 Hussar
47:57 Hoardings
48:34 Caravan
49:04 Banking
Nicolukas
7:00 Feudal Age
11:19 Castle Age
10:02 Double-Bit Axe
11:55 Horse Collar
16:13 Fletching
17:11 Bodkin Arrow
18:27 Husbandry
22:40 Heavy Plow
22:53 Bow Saw
23:45 Ballistics
25:48 Wheelbarrow
27:35 Gold Mining
30:39 Imperial Age
28:30 Bloodlines
28:27 Thumb Ring
28:36 Padded Archer Armor
29:33 Leather Archer Armor
29:16 Stone Mining
30:44 Elite Mangudai
31:51 Parthian Tactics
31:28 Bracer
31:00 Light Cavalry
31:47 Scale Barding Armor
33:18 Chemistry
33:15 Conscription
33:24 Chain Barding Armor
34:01 Forging
38:37 Iron Casting
38:35 Hussar
43:10 Loom
44:42 Blast Furnace
meditator27
8:01 Feudal Age
11:55 Castle Age
9:45 Double-Bit Axe
10:01 Horse Collar
14:40 Bow Saw
16:15 Loom
18:58 Wheelbarrow
21:11 Gold Mining
21:57 Heavy Plow
27:42 Imperial Age
25:33 Fletching
26:23 Hand Cart
26:24 Bodkin Arrow
27:29 Ballistics
27:56 Town Watch
27:50 Elite Elephant Archer
28:35 Padded Archer Armor
30:05 Two-Man Saw
29:18 Stone Mining
29:39 Bracer
31:06 Leather Archer Armor
31:46 Gold Shaft Mining
33:57 Ring Archer Armor
34:30 Chemistry
35:10 Conscription
35:29 Paiks
37:20 Elite Skirmisher
39:01 Bloodlines
38:12 Light Cavalry
39:50 Masonry
39:53 Forging
39:49 Scale Barding Armor
40:06 Caravan
44:18 Crop Rotation
47:35 Iron Casting
47:21 Chain Barding Armor
anhdeptraibd
1:40 Loom
8:40 Feudal Age
13:18 Castle Age
11:16 Horse Collar
11:25 Double-Bit Axe
16:19 Heavy Plow
25:15 Imperial Age
22:50 Stone Mining
23:11 Bow Saw
24:37 Scale Barding Armor
24:45 Bloodlines
24:35 Husbandry
25:01 Corvinian Army
26:34 Wheelbarrow
26:53 Chain Barding Armor
27:58 Conscription
28:49 Crop Rotation
29:52 Plate Barding Armor
30:23 Hand Cart
30:12 Elite Magyar Huszar
34:36 Fletching
36:11 Hoardings
35:35 Bodkin Arrow
40:12 Chemistry
44:51 Bracer
NASPI
5:56 Feudal Age
6:24 Double-Bit Axe
6:20 Horse Collar
13:27 Castle Age
13:18 Loom
14:42 Bow Saw
14:33 Heavy Plow
16:12 Gold Mining
16:28 Heavy Plow
18:29 Town Watch
19:38 Town Patrol
19:37 Gold Mining
21:03 Gold Shaft Mining
25:04 Imperial Age
22:29 Fletching
23:17 Bodkin Arrow
23:22 Padded Archer Armor
23:22 Stone Mining
24:35 Ballistics
24:20 Crossbowman
25:45 Leather Archer Armor
25:15 Arbalester
25:57 Bracer
27:04 Chemistry
25:46 Treadmill Crane
26:11 Siege Engineers
27:09 Two-Man Saw
27:17 Conscription
28:30 Ring Archer Armor
28:31 Crop Rotation
29:14 Conscription
29:04 Bogsveigar
30:45 Coinage
32:52 Banking
33:06 Caravan
36:57 Elite Skirmisher
Connection lost

Rejoining the realm…

Still unreachable

The connection could not be restored.

Session expired

The server has moved on; the page needs a fresh start.